 Dungeon Crawl Stone Soup version 0.19-a0-1254-gb9c29c0 (webtiles) character file.

41 Kidiri the Magician (level 3, 0/19 HPs)
             Began as a Deep Elf Fire Elementalist on Aug 27, 2016.
             Slain by a worm (11 damage)
             ... on level 2 of the Dungeon.
             The game lasted 00:03:43 (1074 turns).

Kidiri the Magician (Deep Elf Fire Elementalist)    Turns: 1074, Time: 00:03:43

Health: 0/19       AC:  2    Str:  5    XL:     3   Next: 32%
Magic:  10/10      EV: 13    Int: 20    God:
Gold:   72         SH:  0    Dex: 15    Spells: 4 memorised, 1 level left

rFire  x . .     SeeInvis .     j - -3 dagger (curse)
rCold  + . .     Gourm    .     a - +0 robe
rNeg   . . .     Faith    .     (no shield)
rPois  .         Spirit   .     (no helmet)
rElec  .         Dismiss  .     (no cloak)
rCorr  +         Reflect  .     (no gloves)
MR     .....     Harm     .     (no boots)
Stlth  ++........               (no amulet)
                                h - ring of ice
                                e - ring of resist corrosion

@: no status effects
A: no striking features
a: no special abilities


You were on level 2 of the Dungeon.
You were not hungry.

You visited 1 branch of the dungeon, and saw 2 of its levels.

You collected 72 gold pieces.

Inventory:

Hand Weapons
 d - a +0 spear
 j - a cursed -3 dagger (weapon)
 k - a +2 whip of electrocution
Armour
 a - a +0 robe (worn)
Jewellery
 e - a ring of resist corrosion (left hand)
 h - a ring of ice (right hand)
Potions
 g - a potion of cancellation
 l - a potion of mutation {unknown}
Books
 b - a book of Flames

   Spells                             Type                      Level
   a - Flame Tongue                   Conjuration/Fire             1
   b - Throw Flame                    Conjuration/Fire             2
   c - Conjure Flame                  Conjuration/Fire             3
   d - Inner Flame                    Hexes/Fire                   3
   e - Sticky Flame                   Conjuration/Fire             4
   f - Fireball                       Conjuration/Fire             5
Comestibles
 c - 2 bread rations
 f - a meat ration
 i - 2 chunks of flesh


   Skills:
 - Level 2.4 Dodging
 - Level 2.4 Stealth
 * Level 4.2 Spellcasting
 + Level 2.1 Conjurations
 + Level 3.6 Fire Magic


You had one spell level left.
You knew the following spells:

 Your Spells              Type           Power        Failure   Level  Hunger
a - Flame Tongue          Conj/Fire      ###..        4%          1    None
b - Throw Flame           Conj/Fire      ###...       10%         2    #......
c - Conjure Flame         Conj/Fire      ###.....     14%         3    ###....
d - Inner Flame           Hex/Fire       ##......     21%         3    ###....


Dungeon Overview and Level Annotations

Branches:
Dungeon (2/15)

Altars:


Message History

You start resting.
Magic restored.
Unknown command.
You start resting.
Eating a chunk of flesh.
You start eating the chunk of flesh.
You are feeling hungry.
You continue eating. x2
You finish eating.
This raw flesh tastes terrible.
i - 2 chunks of flesh You see here a hobgoblin skeleton.
You see here a fizzy amethyst potion.
l - a fizzy amethyst potion The worm bites you!
You hit the worm.
The worm is lightly wounded.
You hit the worm.
The worm is moderately wounded.
The worm bites you!
Ouch! That really hurt!
You die...

#.......###
#..........
#..........
##...#..÷...
#..#.#...... #.
##.##.#......
....#####
#..##...#....
#.....w.#
#.####.##....
#@####.####.#.....
#........##.#....<
##.......# .......
#.......##.......
#........÷.#.#...
.............#
###..............
#..........###..
.......(....#


You could see a worm.

Vanquished Creatures
  2 adders (D:2)
  2 dart slugs (D:1)
  A giant cockroach (D:1)
  4 goblins (D:1)
  3 hobgoblins
  3 bats (D:1)
  3 giant newts
  2 kobolds (D:1)
20 creatures vanquished.

Notes
Turn   | Place    | Note
-------+----------+-------------------------------------------
     0 | D:1      | Kidiri the Deep Elf Fire Elementalist began the quest for the Orb.
     0 | D:1      | Reached XP level 1. HP: 10/10 MP: 6/6
   341 | D:1      | Reached XP level 2. HP: 15/15 MP: 6/8
   386 | D:1      | Learned a level 2 spell: Throw Flame
   902 | D:2      | Reached skill level 4 in Spellcasting
   902 | D:2      | Reached XP level 3. HP: 14/19 MP: 2/10
   985 | D:2      | Learned a level 3 spell: Conjure Flame
   989 | D:2      | Learned a level 3 spell: Inner Flame
  1074 | D:2      | Slain by a worm

Vault maps used:
D:1:      mrwooster_arrival_statue_2, st_stairs_5
D:2:      overflow_temple_1_default, tso_oasis_becter, grunt_gozag_statues,
          minmay_crystal_water

Skill      XL: |  1  2 |
---------------+-------+-----
Conjurations   | 2 |  2.1
Spellcasting   | 4 |  4.2
Dodging        | |  2.4
Stealth        | |  2.4
Fire Magic     | |  3.6

Action                   || total
-------------------------++-------
Melee: Spear             ||     1
       Dagger            ||     6
 Cast: Flame Tongue      ||    25
       Throw Flame       ||     8
  Use: Scroll            ||     3
 Stab: Sleeping          ||     4
  Eat: Chunk             ||     1
Dodge: Dodged            ||     5
